 Dungeon Crawl Stone Soup version 0.30.0-29-ga12c61a403 (webtiles) character file.

Game seed: 4992767147467417831

519 cdecastro the Cruncher (level 7, -1/51 HPs)
             Began as a Gnoll Wanderer on June 22, 2023.
             Was a Believer of Vehumet.
             Slain by a kobold brigand
             ... wielding a +0 club
              (4 damage)
             ... in a sewer.
             The game lasted 00:11:12 (3229 turns).

cdecastro the Cruncher (Gnoll Wanderer)             Turns: 3229, Time: 00:11:13

Health: -1/51      AC:  4    Str:  7    XL:     7   Next: 21%
Magic:  11/12      EV: 13    Int: 15    God:    Vehumet [**....]
Gold:   268        SH:  0    Dex: 14    Spells: 11/13 levels left

rFire   . . .        a - +2 quarterstaff
rCold   . . .        (shield currently unavailable)
rNeg    . . .        d - +0 robe
rPois   .            c - +0 helmet
rElec   .            (no cloak)
rCorr   .            (no gloves)
SInv    .            b - +0 pair of boots
Will    .....        n - amulet of regeneration
Stlth   +            (no ring)
HPRegen 1.08/turn    (no ring)
MPRegen 0.13/turn

%: no passive effects
@: lethally poisoned (-1 -> -2), slowed, very slow
A: fangs 1, strong nose, distributed training
a: Renounce Religion


You were in a sewer.
You worshipped Vehumet.
Vehumet was pleased with you.
You visited 1 branch of the dungeon, and saw 5 of its levels.
You also visited: Sewer.

You collected 268 gold pieces.

Inventory:

Hand Weapons
 a - a +2 quarterstaff (weapon)
Missiles
 s - 3 boomerangs
 y - 3 curare-tipped darts
Armour
 b - a +0 pair of boots (worn)
 c - a +0 helmet (worn)
 d - a +0 robe (worn)
 g - an orb of light
Jewellery
 n - an amulet of regeneration (around neck)
 u - an amulet of faith
Wands
 t - a wand of flame (9)
 z - a wand of iceblast (5)
Scrolls
 e - 2 scrolls of immolation {unknown}
 i - a scroll of enchant weapon {unknown}
 j - 2 scrolls of fear {unknown}
 k - 2 scrolls of enchant armour {unknown}
 l - 6 scrolls of identify {unknown}
 p - a scroll of poison {unknown}
 q - a scroll of amnesia {unknown}
 r - a scroll of magic mapping {unknown}
 v - a scroll of silence {unknown}
Potions
 f - 2 potions of might {unknown}
 h - 2 potions of mutation {unknown}
 m - a potion of invisibility {unknown}
 o - a potion of flight {unknown}
 w - 2 potions of curing {unknown}
 x - a potion of attraction {unknown}


   Skills:
 + Level 2.4 Fighting
 + Level 2.4 Short Blades
 + Level 2.4 Long Blades
 + Level 2.4 Axes
 + Level 2.4 Maces & Flails
 + Level 2.4 Polearms
 + Level 8.9 Staves
 + Level 2.4 Ranged Weapons
 + Level 2.4 Throwing
 + Level 2.4 Armour
 + Level 3.6 Dodging
 + Level 3.4 Stealth
 + Level 2.4 Shields
 + Level 2.4 Unarmed Combat
 + Level 3.7 Spellcasting
 + Level 2.9 Conjurations
 + Level 2.0 Hexes
 + Level 2.0 Summonings
 + Level 2.0 Necromancy
 + Level 2.0 Translocations
 + Level 2.0 Transmutations
 + Level 2.0 Fire Magic
 + Level 2.0 Ice Magic
 + Level 2.0 Air Magic
 + Level 2.0 Earth Magic
 + Level 2.0 Poison Magic
 + Level 3.8 Invocations
 + Level 3.6 Evocations


You had 11 spell levels left.
You knew the following spells:

 Your Spells              Type           Power      Damage    Failure   Level
a - Foxfire               Conj/Fire      40%        2x1d6     7%          1
b - Freeze                Ice            32%        1d5       9%          1

Your spell library contained the following spells:

 Spells                   Type           Power      Damage    Failure   Level
 Kiss of Death            Conj/Necr      40%        2d8       7%          1
 Apportation              Tloc           16%        N/A       9%          1
 Hailstorm                Conj/Ice       10%        3d5       21%         3
 Alistair's Intoxication  Tmut/Pois      5%         N/A       92%         5


Dungeon Overview and Level Annotations

Branches:
Dungeon (5/15)              Sewer (1/1)
 Temple: D:4-7

Altars:
Kikubaaqudgha
Nemelex Xobeh
Sif Muna
Vehumet

Annotations:
D:3 Grinder


Innate Abilities, Weirdness & Mutations

You have very sharp teeth.
Your uncanny sense of smell can sniff out nearby items.
Your experience applies equally to all skills.


Message History

You have difficulty breathing.
You feel as though you will be slow longer.
Unknown command.
Casting: Foxfire (safe; 7% risk of failure)
Press: ? - help, Q - select action, (/) - cycle Dir - look around, f - activate You conjure some foxfire!
You feel very sick.
Unknown command.
You feel very sick.
The foxfire hits the kobold brigand but does no damage.
The kobold brigand is severely wounded.
The foxfire hits the kobold brigand.
The kobold brigand is almost dead.
The kobold brigand hits you with a +0 club.
* * * LOW HITPOINT WARNING * * *
The kobold brigand hits you with a +0 club.
* * * LOW HITPOINT WARNING * * *
The kobold brigand hits you with a +0 club.
* * * LOW HITPOINT WARNING * * *
Unknown command.
Your unstable footing causes you to fumble your attack.
You feel sick. The kobold brigand barely misses you.
The kobold brigand hits you with a +0 club.
* * * LOW HITPOINT WARNING * * *
The kobold brigand splashes around in the water.
Unknown command.
Okay, then.
Unknown command.
You closely miss the kobold brigand.
The kobold brigand is almost dead.
You feel sick.
The kobold brigand hits you with a +0 club.
* * * LOW HITPOINT WARNING * * *
The kobold brigand closely misses you.
The kobold brigand hits you with a +0 club.
* * * LOW HITPOINT WARNING * * *
Your unstable footing causes you to fumble your attack.
You feel sick. The kobold brigand closely misses you.
The kobold brigand hits you with a +0 club.
You die...

#....~..# #~.~~)..#
#~~≈≈≈~~# #)~≈≈≈).#
#~~≈≈≈~~# #~~)≈~~.#
#~.~≈~~.#
#################K~~≈~~.#
~~~~~~~~~~~~~~~~@K~~≈~..#
#################~~~≈~~.#
##.~≈~~## #.~≈~.#
#~≈≈~.### #.~≈~..∩#
#.~≈~.### #.~≈~.# ##~≈~##


You could see 2 kobold brigands.

Vanquished Creatures
  2 scorpions (D:4)
  A howler monkey (D:4)
  A hound (D:4)
  Jessica (D:3)
  Terence (D:2)
  An iguana (D:4)
  2 sleepcaps
  An orc wizard (D:3)
  Robin (D:2)
  8 adders
  A worm (D:4)
  A dart slug (D:1)
  4 orcs (D:3)
  3 bats
  A bat zombie (D:3)
  5 endoplasms
  7 giant cockroaches
  16 goblins
  8 hobgoblins
  8 jackals
  6 quokkas
  3 ball pythons
  4 frilled lizards
  7 kobolds
  5 rats
  2 rat zombies (D:3)
100 creatures vanquished.

Vanquished Creatures (collateral kills)
  A foxfire (D:3)
1 creature vanquished.

Vanquished Creatures (others)
  123 foxfires
123 creatures vanquished.

Grand Total: 224 creatures vanquished

Notes
Turn   | Place    | Note
-------+----------+-------------------------------------------
     0 | D:1      | cdecastro the Gnoll Wanderer began the quest for the Orb.
     0 | D:1      | cdecastro set off with the following items: a +2
                  | quarterstaff, a +0 pair of boots, a potion of
                  | lignification, a +0 robe; and the following spell
                  | memorised: Foxfire; and the following spells available to
                  | memorise: Hailstorm.
     0 | D:1      | Reached XP level 1. HP: 13/13 MP: 4/4
   208 | D:1      | Reached XP level 2. HP: 19/19 MP: 5/5
   750 | D:2      | Noticed Robin
   756 | D:2      | Reached XP level 3. HP: 25/25 MP: 7/7
   802 | D:2      | Found a radiant altar of Vehumet.
   875 | D:2      | Became a worshipper of Vehumet
   941 | D:2      | Noticed Terence
   953 | D:2      | Reached skill level 1 in Fighting
   953 | D:2      | Reached skill level 1 in Short Blades
   953 | D:2      | Reached skill level 1 in Long Blades
   953 | D:2      | Reached skill level 1 in Axes
   953 | D:2      | Reached skill level 1 in Maces & Flails
   953 | D:2      | Reached skill level 1 in Polearms
   953 | D:2      | Reached skill level 1 in Ranged Weapons
   953 | D:2      | Reached skill level 1 in Throwing
   953 | D:2      | Reached skill level 1 in Armour
   953 | D:2      | Reached skill level 1 in Shields
   953 | D:2      | Reached skill level 1 in Unarmed Combat
   957 | D:2      | Killed Terence
   958 | D:2      | Reached XP level 4. HP: 26/32 MP: 8/8
  1118 | D:2      | Reached skill level 1 in Hexes
  1118 | D:2      | Reached skill level 1 in Summonings
  1118 | D:2      | Reached skill level 1 in Necromancy
  1118 | D:2      | Reached skill level 1 in Translocations
  1118 | D:2      | Reached skill level 1 in Transmutations
  1118 | D:2      | Reached skill level 1 in Fire Magic
  1118 | D:2      | Reached skill level 1 in Ice Magic
  1118 | D:2      | Reached skill level 1 in Air Magic
  1118 | D:2      | Reached skill level 1 in Earth Magic
  1118 | D:2      | Reached skill level 1 in Poison Magic
  1149 | D:2      | Killed Robin
  1161 | D:2      | Reached * piety under Vehumet
  1161 | D:2      | Offered knowledge of Freeze by Vehumet.
  1174 | D:2      | Learned a level 1 spell: Freeze
  1368 | D:2      | Reached XP level 5. HP: 21/37 MP: 5/9
  1582 | D:3      | Noticed Grinder
  1704 | D:3      | Found a sparkling altar of Nemelex Xobeh.
  1881 | D:3      | Found an ancient bone altar of Kikubaaqudgha.
  2040 | D:3      | Found a shimmering blue altar of Sif Muna.
  2045 | D:3      | Noticed Jessica
  2054 | D:3      | Killed Jessica
  2265 | D:4      | Reached XP level 6. HP: 34/44 MP: 5/11
  2553 | D:4      | Reached ** piety under Vehumet
  2553 | D:4      | Offered knowledge of Kiss of Death by Vehumet.
  2734 | D:4      | Reached XP level 7. HP: 50/50 MP: 10/12
  3062 | D:5      | Entered Level 5 of the Dungeon
  3115 | D:5      | Found a glowing drain.
  3134 | Sewer    | Entered a sewer
  3229 | Sewer    | Slain by a kobold brigand

Illustrated notes

Levels and vault maps discovered:
D:1:      lightli_molten_gateway, layout_loops_ring, chequers_jeans
D:2:      layout_basic, basic_altar, uniq_robin, uniq_terence
D:3:      layout_basic, lemuel_zombie_altar_kikubaaqudgha,
          mainiacjoe_overflow_catch_the_wave, minmay_misc_feat_x, uniq_grinder,
          uniq_jessica
D:4:      layout_rooms, kennysheep_path_1, st_stairs_2
D:5:      corexii_shantytown, layout_basic, portal_sewer_entry_f
Sewer:    sewer_kobolds

Skill      XL: |  1  2  3  4  5  6  7 |
---------------+----------------------+-----
Conjurations   | 2 |  2.9
Fighting       | 1 2 |  2.4
Short Blades   | 1 2 |  2.4
Long Blades    | 1 2 |  2.4
Axes           | 1 2 |  2.4
Maces & Flails | 1 2 |  2.4
Polearms       | 1 2 |  2.4
Ranged Weapons | 1 2 |  2.4
Throwing       | 1 2 |  2.4
Armour         | 1 2 |  2.4
Shields        | 1 2 |  2.4
Unarmed Combat | 1 2 |  2.4
Spellcasting   | 3 |  3.7
Hexes          | 1 2 |  2.0
Summonings     | 1 2 |  2.0
Necromancy     | 1 2 |  2.0
Translocations | 1 2 |  2.0
Transmutations | 1 2 |  2.0
Fire Magic     | 1 2 |  2.0
Ice Magic      | 1 2 |  2.0
Air Magic      | 1 2 |  2.0
Earth Magic    | 1 2 |  2.0
Poison Magic   | 1 2 |  2.0
Invocations    | 3 |  3.8
Dodging        | 3 |  3.6
Evocations     | 3 |  3.6
Stealth        | 3 |  3.4
Staves         | |  8.9

Action                     |  1- 3 |  4- 6 |  7- 9 || total
---------------------------+-------+-------+-------++-------
  Melee: Quarterstaff      |    68 |    82 |    19 ||   169
         Bite              |     3 |     2 |     4 ||     9
   Cast: Foxfire           |       |    45 |    23 ||    68
         Freeze            |       |    16 |     6 ||    22
    Use: Potion            |     1 |       |       ||     1
   Stab: Sleeping          |     3 |     4 |     1 ||     8
 Armour: Robe              |    11 |    28 |     3 ||    42
         Skin              |     4 |       |       ||     4
  Dodge: Dodged            |    26 |    70 |     9 ||   105
